 Dungeon Sprint DCSS version 0.26-a0-720-g2a1d101370 (webtiles) character file.

Game seed: 10064124838084806284

1549 mhtbhm the Severer (level 8, -1/129 HPs)
             Began as a Minotaur Berserker on Nov 2, 2020.
             Was the Champion of Trog.
             Slain by a skeletal warrior
             ... wielding a +0 war axe
             ... led by a skeletal warrior
              (22 damage)
             ... in the Dungeon (Sprint VII: "The Pits").
             The game lasted 00:02:04 (371 turns).

mhtbhm the Severer (Minotaur Berserker)              Turns: 371, Time: 00:02:04

Health: -1/129     AC: 13    Str: 24    XL:     8   Next: 57%
Magic:  7/7        EV: 11    Int:  4    God:    Trog [******]
Gold:   0          SH:  0    Dex: 10    Spells: 7/7 levels left

rFire    . . .     SeeInvis .   a - +2 hand axe (drain)
rCold    . . .     Faith    .   (no shield)
rNeg     . . .     Spirit   .   b - +3 chain mail
rPois    .         Reflect  .   (helmet restricted)
rElec    .         Harm     .   (no cloak)
rCorr    .         Rampage  .   (no gloves)
MR       .....     NoTele   +   (no boots)
Stlth    ..........             (no amulet)
HPRegen  0.31/turn              (no ring)
MPRegen  0.10/turn              (no ring)

@: berserking (expiring), very quick
A: retaliatory headbutt, horns 2
a: Berserk, Trog's Hand, Brothers in Arms, Renounce Religion


You were in the Dungeon.
You worshipped Trog.
Trog was exalted by your worship.
You visited 1 branch

Inventory:

Hand Weapons
 a - a +2 hand axe of draining (weapon)
Armour
 b - a +3 chain mail (worn)
Scrolls
 h - a scroll of blinking
 j - 3 scrolls of remove curse
 k - a scroll of summoning
Potions
 c - 6 potions of curing
 d - 6 potions of heal wounds
 e - a potion of haste
 f - 4 potions of magic
 g - 3 potions of berserk rage
 i - 2 potions of invisibility


   Skills:
 + Level 13.6 Fighting
 + Level 15.1 Axes
 + Level 7.0 Armour
 + Level 7.3 Dodging
 + Level 0.1 Stealth


You had 7 spell levels left.
You didn't know any spells.
Your spell library was empty.

Dungeon Overview and Level Annotations

Branches:
Dungeon (1/1)

Altars:
Cheibriados
Dithmenos
Elyvilon
Fedhas
Gozag
Hepliaklqana
Makhleb
Nemelex Xobeh
Okawaru
Qazlal
Ru
Sif Muna
Trog
Vehumet
Wu Jian
Xom
Yredelemnul
Zin
The Shining One
Beogh
Jiyva
Lugonu


Innate Abilities, Weirdness & Mutations

You reflexively headbutt those who attack you in melee.
You have a pair of horns on your head.


Message History

You completely miss the skeletal warrior.
Unknown command.
You hit the skeletal warrior but do no damage.
The skeletal warrior is heavily damaged.
You hit the skeletal warrior but do no damage.
The skeletal warrior hits you with a +0 war axe!
* * * LOW HITPOINT WARNING * * *
Unknown command.
You slash the skeletal warrior!
The skeletal warrior is severely damaged.
You slash the skeletal warrior!
The blink frog blinks!
The skeletal warrior hits you but does no damage.
Unknown command.
You hit the skeletal warrior but do no damage.
You headbutt the skeletal warrior.
The skeletal warrior is severely damaged.
You barely miss the skeletal warrior.
Unknown command.
The skeletal warrior hits you with a +0 war axe!!
You die...

#.#........##.......#
#.#........##.......#
#'###########.......#
#..)....#..##########
#.†#.#..#)# ####
#†##.##.#)#....#
#.......#)#....#
#.##.##.#zzF.F.+
#..#.#..#@#z...#
#.......†.# ...#
########### ###


You could see 2 skeletal warriors and 2 blink frogs.

Vanquished Creatures
  A skeletal warrior (D)
  A kobold demonologist (D)
  2 blink frogs (D)
  Sigmund (D)
  A wolf (D)
  A scorpion (D)
  A gnoll shaman (D)
  An iguana (D)
  An adder (D)
  3 gnolls (D)
  An ufetubus (D)
  2 leopard geckos (D)
  2 bats (D)
  A bat skeleton (D)
  A goblin (D)
  4 jackals (D)
  A quokka (D)
  A ball python (D)
  A kobold (D)
  A leopard gecko zombie (D)
28 creatures vanquished.

Notes
Turn   | Place    | Note
-------+----------+-------------------------------------------
     0 | D        | mhtbhm the Minotaur Berserker began the quest for the Orb.
     0 | D        | Reached XP level 1. HP: 19/19 MP: 0/0
    16 | D        | Reached skill level 4 in Axes
    23 | D        | Found a bloodstained altar of Trog.
    23 | D        | Found a shimmering blue altar of Sif Muna.
    23 | D        | Found a viscous altar of Jiyva.
    23 | D        | Found a hazy altar of Hepliaklqana.
    23 | D        | Found an opulent altar of Gozag.
    24 | D        | Found a glowing golden altar of the Shining One.
    24 | D        | Found a glowing silver altar of Zin.
    24 | D        | Found a basalt altar of Yredelemnul.
    24 | D        | Found a shimmering altar of Xom.
    24 | D        | Found an ornate altar of the Wu Jian Council.
    24 | D        | Found a sacrificial altar of Ru.
    24 | D        | Found a stormy altar of Qazlal.
    24 | D        | Found an iron altar of Okawaru.
    24 | D        | Found a sparkling altar of Nemelex Xobeh.
    24 | D        | Found a burning altar of Makhleb.
    24 | D        | Found a blossoming altar of Fedhas.
    24 | D        | Found a white marble altar of Elyvilon.
    24 | D        | Found a shadowy altar of Dithmenos.
    24 | D        | Found a snail-covered altar of Cheibriados.
    26 | D        | Found a radiant altar of Vehumet.
    26 | D        | Found a corrupted altar of Lugonu.
    26 | D        | Found a roughly hewn altar of Beogh.
    67 | D        | Reached ** piety under Trog
    67 | D        | Reached XP level 2. HP: 25/28 MP: 1/1
   108 | D        | Noticed a wolf
   111 | D        | Reached skill level 5 in Fighting
   111 | D        | Reached skill level 5 in Axes
   111 | D        | Reached *** piety under Trog
   115 | D        | Killed a wolf
   115 | D        | Reached skill level 7 in Axes
   115 | D        | Reached XP level 3. HP: 39/39 MP: 2/2
   115 | D        | Reached XP level 4. HP: 47/47 MP: 3/3
   120 | D        | Reached **** piety under Trog
   243 | D        | Noticed Sigmund
   249 | D        | Reached skill level 8 in Axes
   253 | D        | Killed Sigmund
   253 | D        | Reached skill level 10 in Axes
   253 | D        | Reached skill level 5 in Dodging
   253 | D        | Reached XP level 5. HP: 58/58 MP: 4/4
   253 | D        | Reached XP level 6. HP: 66/66 MP: 5/5
   254 | D        | Reached ***** piety under Trog
   262 | D        | Reached skill level 5 in Armour
   311 | D        | Reached skill level 10 in Fighting
   314 | D        | Noticed a kobold demonologist
   318 | D        | Noticed a red devil
   320 | D        | Killed a kobold demonologist
   320 | D        | Reached skill level 12 in Axes
   320 | D        | Reached XP level 7. HP: 74/74 MP: 6/6
   336 | D        | Reached ****** piety under Trog
   345 | D        | Noticed a skeletal warrior
   345 | D        | Noticed a skeletal warrior
   345 | D        | Noticed a skeletal warrior
   345 | D        | Noticed a skeletal warrior
   345 | D        | Noticed a blink frog
   345 | D        | Noticed a blink frog
   345 | D        | Noticed a blink frog
   345 | D        | Noticed a blink frog
   349 | D        | Killed a blink frog
   349 | D        | Received a gift from Trog
   349 | D        | Reached skill level 13 in Axes
   353 | D        | Killed a blink frog
   353 | D        | Reached skill level 14 in Axes
   353 | D        | Reached XP level 8. HP: 85/85 MP: 7/7
   366 | D        | Killed a skeletal warrior
   366 | D        | Reached skill level 15 in Axes
   371 | D        | Slain by a skeletal warrior

Illustrated notes

Levels and vault maps discovered:
D:        pitsprint [storerooms_1, entrance_room_1, metal_vault_6, armoury_1,
          mini_pit_1, grid_room_1, main_hall_1, silver_pit, the_coven_3,
          the_vestibule_1, steel_vault_2, golden_pit, hallway_of_sentries,
          crystal_vault_6, iron_vault_1, final_vault]

Skill      XL: |  1  2  3  4  5  6  7  8 |
---------------+-------------------------+-----
Fighting       | 4 7 9 11 12 13 | 13.6
Axes           | 4 7 10 12 14 15 | 15.1
Armour         | 3 4 5 6 7 |  7.0
Dodging        | 4 5 6 7 |  7.3
Stealth        | |  0.1

Action                   |  1- 3 |  4- 6 |  7- 9 || total
-------------------------+-------+-------+-------++-------
Melee: Hand axe          |    16 |    23 |    35 ||    74
       Headbutt          |     1 |     5 |     5 ||    11
Invok: Berserk           |     1 |     1 |     1 ||     3
Armor: Animal skin       |     1 |       |       ||     1
       Chain mail        |       |     3 |     2 ||     5
Dodge: Dodged            |    14 |     8 |     7 ||    29

Table legend: (Time is in decaauts)
 A = Elapsed time spent in this place.
 B = Non-inter-level travel time spent in this place.
 C = Inter-level travel time spent in this place.
 D = Time resting spent in this place.
 E = Time spent auto-exploring this place.
 F = Levels seen in this place.
 G = Mean time per level.
                   A        B        C        D        E       F      G
               +--------+--------+--------+--------+--------+-----+--------+
         Total |    370 |    370 |      0 |    139 |      0 |   1 |  370.0 |
       Dungeon |    370 |    370 |      0 |    139 |      0 |   1 |  370.0 |
               +--------+--------+--------+--------+--------+-----+--------+

Top non-repeatable levels by time:
       D: 370 daAuts
